 Dungeon Crawl Stone Soup version 0.28-a0-823-gb444dcf96d (webtiles) character file.

Game seed: 9512095739321759539

184 willcat the Covert (level 5, 0/32 HPs)
             Began as a Kobold Delver on Nov 9, 2021.
             Slain by a bullfrog skeleton (2 damage)
             ... on level 5 of the Dungeon.
             The game lasted 00:01:35 (745 turns).

willcat the Covert (Kobold Delver)                   Turns: 745, Time: 00:01:36

Health: 0/32       AC:  3    Str: 10    XL:     5   Next: 96%
Magic:  5/5        EV: 15    Int: 12    God:
Gold:   12         SH:  0    Dex: 16    Spells: 4/4 levels left

rFire   . . .      SeeInvis .   a - +0 short sword
rCold   . . .      Faith    .   (shield restricted)
rNeg    . . .      Spirit   .   b - +0 leather armour
rPois   .          Reflect  .   (no helmet)
rElec   .          Harm     .   (no cloak)
rCorr   .          Rampage  .   (no gloves)
Will    .....                   (no boots)
Stlth   +++++.....              (no amulet)
HPRegen 0.10/turn               (no ring)
MPRegen 0.09/turn               (no ring)

@: attractive
A: small, no large weapons, nightstalker 3
a: no special abilities


You were on level 5 of the Dungeon.
You visited 1 branch of the dungeon, and saw 1 of its levels.

You collected 12 gold pieces.

Inventory:

Hand Weapons
 a - a +0 short sword (weapon)
Armour
 b - a +0 leather armour (worn)
Wands
 g - a wand of digging (3)
Scrolls
 c - a scroll of fog
 d - a scroll of magic mapping


   Skills:
 - Level 3.2 Fighting
 + Level 4.8 Short Blades
 + Level 4.4 Dodging
 + Level 8.0 Stealth


You had 4 spell levels left.
You didn't know any spells.
Your spell library was empty.

Dungeon Overview and Level Annotations

Branches:
Dungeon (5/15)
 Temple: D:4-7

Altars:


Innate Abilities, Weirdness & Mutations

You are small and have problems with some larger weapons.
You are completely attuned to the shadows.


Message History

The orc wizard gestures at you while chanting.
The magic dart hits you!
* * * LOW HITPOINT WARNING * * *
Unknown command.
You feel less confused.
You hit the orc wizard.
The orc wizard is almost dead.
The orc wizard hits you with a +0 dagger.
* * * LOW HITPOINT WARNING * * *
The orc barely misses you.
The orc wizard mumbles some strange words.
The orc wizard flickers and vanishes!
Deactivating autopickup; reactivate with Ctrl-A.
The orc barely misses you. Something is attracted toward you.
This is a scroll of acquirement!
Something appears at your feet! Something hits you but does no damage.
The orc hits you with a +0 club.
* * * LOW HITPOINT WARNING * * *
Unknown command.
The orc throws a boomerang.
Reactivating autopickup.
You feel a bit more experienced. The orc is attracted toward you.
Your Stealth skill increases to level 8!
The orc throws a boomerang.
The boomerang misses you. The orc is attracted toward you.
The orc throws a boomerang.
The boomerang misses you. The orc is attracted toward you.
An ogre comes into view. It is wielding a +0 giant club.
The ogre is attracted toward you. The orc is attracted toward you.
The orc closely misses you.
The bullfrog skeleton is attracted toward you.
The ogre shouts!
You aren't carrying any potions.
Unknown command.
As you read the scroll labelled HOIMMI BIURRO, it crumbles to dust.
It is a scroll of identify.
You don't have any unidentified items.
The bullfrog skeleton hits you.
You die...

#..§..#
##.#§).#
......##
.....##
.....#
.....##
...O..#
....Z##
....#@#
.......##
........#
........#
.......##
#.....#
####.###
#....#
### ###
###.####


You could see an ogre and a bullfrog skeleton.

Vanquished Creatures
  A centaur (D:5)
  2 hounds (D:5)
  A gnoll (D:5)
  An adder (D:5)
  An ufetubus (D:5)
  A dart slug (D:5)
7 creatures vanquished.

Vanquished Creatures (others)
  An orc wizard (D:5)
1 creature vanquished.

Grand Total: 8 creatures vanquished

Notes
Turn   | Place    | Note
-------+----------+-------------------------------------------
     0 | D:5      | willcat the Kobold Delver began the quest for the Orb.
     0 | D:5      | Reached XP level 1. HP: 14/14 MP: 1/1
    10 | D:5      | Noticed a hound
    14 | D:5      | Killed a hound
    15 | D:5      | Reached skill level 7 in Stealth
    15 | D:5      | Reached XP level 2. HP: 19/19 MP: 2/2
    15 | D:5      | Reached XP level 3. HP: 23/23 MP: 3/3
   408 | D:5      | Noticed a centaur
   412 | D:5      | Killed a centaur
   413 | D:5      | Reached XP level 4. HP: 28/28 MP: 4/4
   413 | D:5      | Reached XP level 5. HP: 32/32 MP: 5/5
   435 | D:5      | Noticed a black bear
   441 | D:5      | Noticed a necrophage
   737 | D:5      | Identified a scroll of acquirement
   737 | D:5      | Acquired a +0 dagger of venom
   739 | D:5      | Reached skill level 8 in Stealth
   741 | D:5      | Noticed an ogre
   745 | D:5      | Slain by a bullfrog skeleton

Illustrated notes

Levels and vault maps discovered:
D:5:      layout_cave_pools, serial_shops, kennysheep_little_box,
          minmay_hedge_maze, corexii_hall_statues_l, minmay_fractal_squares_5

Skill      XL: |  1  2  3  4  5 |
---------------+----------------+-----
Short Blades   | 3 4 |  4.8
Dodging        | 3 4 |  4.4
Stealth        | 7 8 |  8.0
Fighting       | |  3.2

Action                   |  1- 3 |  4- 6 || total
-------------------------+-------+-------++-------
Melee: Short sword       |    10 |    35 ||    45
  Use: Potion            |     1 |     2 ||     3
       Scroll            |       |     3 ||     3
 Stab: Sleeping          |     2 |     2 ||     4
Armor: Leather armour    |       |     5 ||     5
Dodge: Dodged            |    19 |    32 ||    51

Table legend: (Time is in decaauts)
 A = Elapsed time spent in this place.
 B = Non-inter-level travel time spent in this place.
 C = Inter-level travel time spent in this place.
 D = Time resting spent in this place.
 E = Time spent auto-exploring this place.
 F = Levels seen in this place.
 G = Mean time per level.
                   A        B        C        D        E       F      G
               +--------+--------+--------+--------+--------+-----+--------+
         Total |    725 |    725 |      0 |     22 |    530 |   1 |  725.0 |
       Dungeon |    725 |    725 |      0 |     22 |    530 |   1 |  725.0 |
               +--------+--------+--------+--------+--------+-----+--------+

Top non-repeatable levels by time:
     D:5: 725 daAuts
